Map: Data-C

Players

A.I. 1 (Easy) - Winner!

  • Race: Terran Terran
  • Spawn Location: 3:00

Xana

  • Race: Zerg Zerg
  • League: Bronze
  • Spawn Location: 9:00

VOD

Have the link to the VOD?

Description

Time

  • Played on: Aug. 17, 2022, 6:09 a.m.
  • Length: 5:41
Show
View Real Time Build Order
Export as new Build Order

A.I. 1 (Easy) Terran - Winner!

Build Orders:  

Get SALT Encoding   

  12  0:00  SCV  
  13  0:13  SCV  
  14  0:18  Supply Depot  
  14  0:25  SCV  
  15  0:40  SCV  
  16  0:44  Barracks  
  16  1:09  Command Center  
  16  1:30  Marine  
  16  1:32  Orbital Command  
  17  1:36  Supply Depot  
  17  1:43  Refinery  
  17  1:48  Marine  
  17  1:54  Refinery  
  18  1:58  SCV  
  19  2:06  Marine  
  20  2:10  SCV  
  21  2:22  SCV x2  
  23  2:25  Barracks Tech Lab  
  23  2:34  SCV x2  
  25  2:43  Reaper  
  26  2:50  Refinery, SCV  
  27  2:54  SCV  
  28  3:02  SCV  
  29  3:09  Refinery  
  29  3:11  SCV  
  30  3:15  Marine, SCV  
  32  3:23  SCV  
  33  3:29  Supply Depot  
  33  3:31  SCV  
  33  3:33  Marine  
  35  3:36  SCV  
  36  3:43  SCV  
  37  3:51  SCV  
  38  3:56  Marine  
  38  3:59  SCV, Supply Depot  
  40  4:04  SCV  
  41  4:12  SCV  
  42  4:20  SCV  
  42  4:21  Marauder  
  42  4:22  Factory  
  45  4:25  SCV  
  46  4:41  SCV, Supply Depot  
  46  4:44  Marauder  
  49  4:45  SCV  
  50  4:53  SCV  
  51  5:02  SCV  
  51  5:03  Supply Depot  
  51  5:06  SCV  
  53  5:07  Starport  
  53  5:08  Marauder  
  55  5:14  SCV  
  55  5:19  SCV  
  57  5:26  SCV  
  58  5:35  Supply Depot  
Show
View Real Time Build Order
Export as new Build Order

Xana Zerg 

Build Orders: Hatch First 

Get SALT Encoding   

  12  0:00  Drone  
  13  0:12  Overlord  
  13  0:17  Drone  
  14  0:30  Drone x2  
  16  0:49  Hatchery  
  15  0:51  Drone  
  16  0:58  Drone  
  16  1:01  Drone  
  18  1:13  Extractor  
  18  1:16  Spawning Pool  
  18  1:17  Drone  
  17  1:20  Drone  
  18  1:28  Drone  
  19  1:39  Drone  
  20  1:49  Drone  
  21  2:02  Queen  
  21  2:03  Queen  
  21  2:04  Zergling x4  
  27  2:11  Overlord  
  27  2:23  Hatchery  
  26  2:32  Metabolic Boost  
  26  2:34  Drone  
  26  2:35  Drone  
  28  2:37  Drone  
  28  2:40  Drone  
  30  2:47  Overlord  
  30  2:55  Drone x2  
  30  2:56  Drone  
  33  2:59  Drone  
  34  3:06  Queen  
  36  3:16  Overlord x2  
  36  3:23  Roach Warren  
  36  3:25  Drone  
  36  3:37  Queen  
  38  3:42  Queen  
  38  3:43  Drone x2  
  42  3:52  Overlord x2  
  42  3:57  Lair  
  42  4:00  Drone x2  
  42  4:02  Drone  
  45  4:05  Drone  
  45  4:09  Drone  
  48  4:10  Drone  
  48  4:12  Drone  
  48  4:14  Drone  
  48  4:16  Drone  
  52  4:18  Drone  
  52  4:24  Overlord  
  53  4:25  Overlord  
  53  4:31  Evolution Chamber  
  53  4:32  Drone  
  53  4:34  Evolution Chamber, Drone  
  53  4:41  Drone x4  
  53  4:43  Drone x2  
  60  4:45  Drone  
  60  4:47  Drone  
  61  4:55  Overlord  
  61  4:56  Overlord  
  61  5:07  Extractor, Drone x2  
  61  5:08  Drone x2  
  61  5:12  Extractor  
  63  5:15  Extractor, Drone x3  
  63  5:17  Drone x2  
  63  5:18  Drone  
  63  5:19  Drone  
  69  5:24  Drone  
  69  5:25  Drone x4  
  69  5:26  Drone  
  75  5:28  Drone  
  75  5:29  Drone  
Tags
 
League
Bronze
Matchup
TvZ
Spawn Locations
Cross Positions
Add a new tag
Caveats
  • Supply blocks, unpowered buildings, or Contaminate may cause inaccurate times.
  • Supply counts are checked every 10 seconds.